 Dungeon Crawl Stone Soup version 0.31-a0-166-g46f44d267d (webtiles) character file.

Game seed: 7382706313824502184

216 Gargoyl the Trooper (level 5, 0/34 HPs)
             Began as a Gargoyle Berserker on June 14, 2023.
             Was a Believer of Trog.
             Slain by an orc priest
             ... wielding a +0 hand axe
              (2 damage)
             ... on level 4 of the Dungeon.
             The game lasted 00:03:19 (3254 turns).

Gargoyl the Trooper (Gargoyle Berserker)            Turns: 3254, Time: 00:03:20

Health: 0/34       AC: 14    Str: 20    XL:     5   Next: 93%
Magic:  5/5        EV:  8    Int:  8    God:    Trog [**....]
Gold:   110        SH:  0    Dex: 11    Spells: 4/4 levels left

rFire   . . .        p - +0 war axe
rCold   . . .        (no shield)
rNeg    + . .        o - +0 chain mail
rPois   ∞            (no helmet)
rElec   +            k - +0 cloak
rCorr   .            (no gloves)
SInv    .            (no boots)
Will    .....        (no amulet) Stlth
                     (no ring)
HPRegen 0.25/turn    (no ring)
MPRegen 0.09/turn

%: no passive effects
@: no status effects
A: sickness immunity, AC +4, negative energy resistance 1, electricity
resistance, torment resistance 1, petrification resistance
a: Renounce Religion, Berserk, Trog's Hand


You were on level 4 of the Dungeon.
You worshipped Trog.
Trog was pleased with you.
You visited 1 branch of the dungeon, and saw 4 of its levels.

You collected 110 gold pieces.

Inventory:

Hand Weapons
 a - a +0 hand axe
 p - a +0 war axe (weapon)
Missiles
 g - 2 poisoned darts (quivered)
Armour
 k - a +0 cloak (worn)
 o - a +0 chain mail (worn)
Jewellery
 j - a +5 ring of evasion
Wands
 n - a wand of flame (14)
Scrolls
 b - a scroll of blinking
 h - a scroll of teleportation
 l - a scroll of noise {unknown}
 r - a scroll of fog {unknown}
Potions
 c - a potion of might
 d - a potion of berserk rage
 e - a potion of curing
 f - 2 potions of haste
 i - a potion of magic {unknown}
 m - a potion of ambrosia {unknown}
 q - a potion of resistance {unknown}


   Skills:
 + Level 4.3 Fighting
 + Level 4.3 Axes
 + Level 3.5 Armour
 + Level 2.2 Dodging
 + Level 0.7 Stealth


You had 4 spell levels left.
You didn't know any spells.
Your spell library was empty.

Dungeon Overview and Level Annotations

Branches:
Dungeon (4/15)
 Temple: D:4-7

Altars:
Ashenzari
Hepliaklqana
Uskayaw

Portals:
Abyss: D:3

Annotations:
D:3 2 transporters, Frosty's ghost, amateur OpCj


Innate Abilities, Weirdness & Mutations

You are immune to sickness and miasma.
Your stone body is resilient. (AC +4)
You are immune to poison.
You resist negative energy. (rN+)
You are resistant to electric shocks. (rElec)
You are resistant to unholy torment.
You are immune to petrification.


Message History

Trog accepts your kill.
An orc priest comes into view. It is wielding a +0 club.
An orc comes into view. It is wielding a +0 club.
Unknown command.
Unknown command.
An orc priest comes into view. It is wielding a +0 hand axe.
The orc priest shouts!
The orc hits you with a +0 dagger.
You hit the orc but do no damage. The orc barely misses you.
The orc priest looks braver for a moment.
You hit the orc but do no damage. The orc hits you with a +0 dagger.
An orc wizard comes into view. It is wielding a +0 dagger.
You closely miss the orc.
The orc wizard shouts!
You hit the orc.
The orc priest casts a cantrip, but nothing happens.
The orc wizard mumbles some strange words.
The orc wizard flickers and vanishes!
Deactivating autopickup; reactivate with Ctrl-A.
The orc barely misses you. The orc hits you but does no damage. x2
You slash the orc!
You kill the orc!
Trog accepts your kill.
You hit the orc but do no damage. You closely miss the orc priest.
The orc hits you but does no damage. The orc priest closely misses you.
Unknown command.
Found a dagger.
Found a hide-covered altar of Uskayaw.
The orc hits you but does no damage.
The orc priest mumbles some strange prayers to Beogh against you.
Beogh smites you!
Ouch! That really hurt!
You see here a +0 club.
Unknown command.
You barely miss the orc priest. x2; You hit the orc.
The orc hits you but does no damage.
The orc priest invokes the aid of Beogh against you.
Beogh smites you!
* * * LOW HITPOINT WARNING * * *
The orc priest hits you with a +0 hand axe.
You die...

#.#...##.#
#.######.# #..
..##.# #.# #.##.#
##.###.##.###
#......##...#
#......#....#
#o.....#)##.#
#o@....#.#####
#.....o###.#)#...
........# #.#.#.#
# .8.8)8..#
#..)).#.#
........#
#...)...###
........#
#.#........#
....!.#.#
#............
....)_#.#
##########.## #


You could see 2 orc priests and an orc.

Vanquished Creatures
  An orc priest (D:4)
  Terence (D:3)
  An orc wizard (D:4)
  4 adders (D:3)
  A shadow imp (D:4)
  A worm (D:1)
  2 dart slugs (D:2)
  11 orcs
  6 ball pythons
  4 endoplasms
  A giant cockroach (D:4)
  11 goblins
  5 hobgoblins
  2 jackals (D:1)
  3 quokkas
  5 bats
  7 frilled lizards
  4 kobolds
  6 rats
76 creatures vanquished.

Notes
Turn   | Place    | Note
-------+----------+-------------------------------------------
     0 | D:1      | Gargoyl the Gargoyle Berserker began the quest for the Orb.
     0 | D:1      | Reached XP level 1. HP: 14/14 MP: 1/1
   169 | D:1      | Reached XP level 2. HP: 19/19 MP: 2/2
   231 | D:1      | Found a faded altar of an unknown god.
   700 | D:1      | Reached XP level 3. HP: 15/24 MP: 3/3
  1007 | D:2      | Reached ** piety under Trog
  1307 | D:2      | Found a hazy altar of Hepliaklqana.
  2274 | D:3      | Reached XP level 4. HP: 27/29 MP: 4/4
  2337 | D:3      | Identified the +3 chain mail "Yporoh" {rPois rC+ Slay-3}
  2403 | D:3      | Found a transporter.
  2462 | D:3      | Noticed Terence
  2473 | D:3      | Killed Terence
  2474 | D:3      | Reached XP level 5. HP: 31/33 MP: 5/5
  2532 | D:3      | Found a broken altar of Ashenzari.
  2851 | D:3      | Found a transporter.
  2881 | D:3      | Found a one-way gate to the infinite horrors of the Abyss.
  2881 | D:3      | Noticed Frosty's ghost (amateur OpCj)
  2881 | D:3      | Noticed a small abomination
  2894 | D:3      | Noticed a small abomination
  3253 | D:4      | Found a hide-covered altar of Uskayaw.
  3254 | D:4      | Slain by an orc priest

Illustrated notes

Levels and vault maps discovered:
D:1:      dpeg_arrival_lava_temple_mockup, layout_loops_ring,
          dreamdust_ecumenical_altar_grove, nicolae_wormholes
D:2:      layout_basic, serial_rivers, chequers_serial_rivers_micro_c,
          chequers_serial_rivers_small_3, chequers_serial_rivers_small_b,
          chequers_serial_rivers_small_3, basic_altar
D:3:      layout_basic, evilmike_ruin_ashenzari, gammafunk_ghost_abyssal_escape,
          uniq_terence
D:4:      layout_basic, eat_drink_and_be_merry_uskayaw, lightli_temple_of_fire,
          minmay_temple_entry_nine_rooms

Skill      XL: |  1  2  3  4  5 |
---------------+----------------+-----
Axes           | 3 4 |  4.3
Dodging        | 2 |  2.2
Fighting       | 4 |  4.3
Armour         | 3 |  3.5
Stealth        | |  0.7

Action                     |  1- 3 |  4- 6 || total
---------------------------+-------+-------++-------
  Melee: Hand axe          |   173 |    42 ||   215
         Punch             |     1 |       ||     1
         War axe           |       |    52 ||    52
 Invoke: Berserk           |       |     3 ||     3
    Use: Scroll            |     7 |     1 ||     8
 Armour: Animal skin       |    34 |       ||    34
         Ring mail         |    41 |    32 ||    73
         Chain mail        |       |    40 ||    40
  Dodge: Dodged            |   137 |    51 ||   188

Table legend: (Time is in decaauts)
 A = Elapsed time spent in this place.
 B = Non-inter-level travel time spent in this place.
 C = Inter-level travel time spent in this place.
 D = Time resting spent in this place.
 E = Time spent auto-exploring this place.
 F = Levels seen in this place.
 G = Mean time per level.
                   A        B        C        D        E       F      G
               +--------+--------+--------+--------+--------+-----+--------+
         Total |   3331 |   3205 |    126 |      0 |   2416 |   4 |  832.8 |
       Dungeon |   3331 |   3205 |    126 |      0 |   2416 |   4 |  832.8 |
               +--------+--------+--------+--------+--------+-----+--------+

Top non-repeatable levels by time:
     D:2: 1337 daAuts
     D:3: 939 daAuts
     D:1: 928 daAuts
     D:4: 126 daAuts
